 Dungeon Crawl Stone Soup version 0.13-a0-2244-g236abbe (webtiles) character file.

150 ManOfSteam the Chiller (level 3, -1/24 HPs)
             Began as a Mummy Ice Elementalist on July 5, 2013.
             Slain by an orc
             ... wielding a +0,+0 orcish whip
              (2 damage)
             ... on Level 3 of the Dungeon.
             The game lasted 00:18:46 (2579 turns).

ManOfSteam the Chiller (Mummy Ice Elementalist)     Turns: 2579, Time: 00:18:46

HP  -1/24        AC  2     Str 11      XL: 3   Next: 53%
MP   1/5         EV 12     Int 15      God:
Gold 101         SH  0     Dex 12      Spells:  2 memorised,  1 level left

Res.Fire  : x . .   See Invis. : .   h - +1 dwarf dagger
Res.Cold  : + . .   Warding    : .   a - +0 robe
Life Prot.: + + +   Conserve   : .   (no shield)
Res.Poison: +       Res.Corr.  : .   (no helmet)
Res.Elec. : .       Clarity    : .   (no cloak)
Sust.Abil.: . .     Spirit.Shd : .   (no gloves)
Res.Mut.  : .       Stasis     : .   (no boots)
Res.Rott. : +       Flight     : .   (no amulet)
Saprovore : . . .                    (no ring)
                                     e - ring of invisibility

@: slightly resistant to hostile enchantments, fairly stealthy
A: no food or potions, fire vulnerability, restore body, cold resistance 1, life
protection 3, poison resistance, torment resistance, unbreathing
a: Evoke Invisibility


You were on level 3 of the Dungeon.
You were not hungry.

You visited 1 branch of the dungeon, and saw 3 of its levels.

You collected 81 gold pieces.

Inventory:

Hand weapons
 f - a +3,+0 dagger
 h - a +1,+1 dwarven dagger (weapon)
 i - a +0,+1 orcish dagger
Missiles
 c - 34 arrows
 j - 9 poisoned needles (quivered)
Armour
 a - a +0 robe (worn)
Scrolls
 k - a scroll of random uselessness
 n - a scroll of recharging
Jewellery
 e - a ring of invisibility (left hand)
Potions
 m - a potion of heal wounds {unknown}
Books
 b - a book of Frost

   Spells                             Type                      Level
   *Freeze                            Ice                          1
   *Throw Frost                       Conjuration/Ice              2
   Ozocubu's Armour                   Charms/Ice                   3
   Throw Icicle                       Conjuration/Ice              4
   Summon Ice Beast                   Ice/Summoning                4
   Condensation Shield                Ice                          4


   Skills:
 + Level 2.0 Dodging
 + Level 2.0 Stealth
 + Level 1.2 Spellcasting
 - Level 0.7 Conjurations
 + Level 3.2 Ice Magic


You had one spell level left.
You knew the following spells:

 Your Spells              Type           Power        Failure   Level  Hunger
a - Freeze                Ice            ##..         8%          1    N/A
b - Throw Frost           Conj/Ice       #.....       17%         2    N/A

Dungeon Overview and Level Annotations

Branches:
Dungeon (3/27)

Altars:
Okawaru


Innate Abilities, Weirdness & Mutations

You do not eat or drink.
Your flesh is vulnerable to fire.
Your flesh is cold resistant.
You are immune to negative energy.
Your system is resistant to poisons.
You are immune to unholy pain and torment.
You can survive without breathing.


Message History

Casting: Freeze
Confirm with . or Enter, or press ? or * to list all spells.
Aiming: Freeze
Press: ? - help, Shift-Dir - straight line, f/p - orc
Aim: an orc, wielding an orcish short sword (lightly wounded)
You freeze the orc.
The orc is heavily wounded.
The orc priest closely misses you. The orc hits you with an orcish whip.
* * * LOW HITPOINT WARNING * * *
An orc comes into view. It is wielding an orcish trident.
Unknown command.
Casting: Freeze
Confirm with . or Enter, or press ? or * to list all spells.
Aiming: Freeze
Press: ? - help, Shift-Dir - straight line, f/p - orc
Aim: an orc, wielding an orcish short sword (heavily wounded)
You freeze the orc.
You kill the orc!
The orc hits you with an orcish whip.
You die...

#.# #.. . ..# # #. #.#
.## #.#o###.# #..
............
.....oro#.##..! ...
......oooo>...... .....
#@#.# .. .....##
####.#.##...# .......
+....................
.##.#.#.##...#.#......
#...#...##........#..
#...#...##.#.#.#..#.##
#.#...#...##.#.#.#..#.%.
........................
#.###.#...##.#.#.#....##


You could see an orc priest, 6 orcs and a rat.

Vanquished Creatures
  An adder (D:2)
  3 giant geckos
  2 orcs (D:3)
  2 giant cockroaches (D:1)
  6 hobgoblins
  5 kobolds
  5 bats
  A giant newt (D:2)
  3 goblins
  5 rats
33 creatures vanquished.

Vanquished Creatures (others)
  A rat (D:2)
1 creature vanquished.

Grand Total: 34 creatures vanquished

Notes
Turn   | Place    | Note
--------------------------------------------------------------
     0 | D:1      | ManOfSteam, the Mummy Ice Elementalist, began the quest for the Orb.
     0 | D:1      | Reached XP level 1. HP: 13/13 MP: 3/3
   871 | D:1      | Reached XP level 2. HP: 19/19 MP: 4/4
   892 | D:1      | Learned a level 2 spell: Throw Frost
  1454 | D:1      | Reached skill level 3 in Ice Magic
  1938 | D:2      | Reached XP level 3. HP: 22/24 MP: 3/5
  2052 | D:2      | Found an iron altar of Okawaru.
  2578 | D:3      | HP: 1/24 [orc/orcish whip (1)]
  2579 | D:3      | Slain by an orc

Action                   || total
-------------------------++-------
Melee: Unarmed           ||    17
       Club              ||     1
       Dagger            ||    52
Throw: Club              ||     2
       Dagger            ||     1
 Cast: Freeze            ||    41
  Use: Scroll            ||     5
